 Dungeon Crawl Stone Soup version 0.29-a0-857-g9b1aa3ac5b (webtiles) character file.

Game seed: 13189325917068589902

16640 JoshKwa the Thaumaturge (level 11, 0/92 HPs)
             Began as a Demigod Wanderer on July 16, 2022.
             Slain by a demonic crawler (5 damage)
             ... on level 1 of the Spider Nest.
             The game lasted 01:11:52 (8732 turns).

JoshKwa the Thaumaturge (Demigod Wanderer)          Turns: 8732, Time: 01:11:53

Health: 0/92       AC: 11    Str: 20    XL:     11   Next: 82%
Magic:  0/36       EV: 16    Int: 28    God:
Gold:   225        SH:  7    Dex: 20    Spells: 15/26 levels left

rFire   x . .      SeeInvis .   a - +8 whip of the Pill Bug {vorpal, Fragile Str+3 Int+8}
rCold   + . .      Faith    .   e - +1 buckler {AC+3}
rNeg    . . .      Spirit   +   c - +0 acid dragon scales
rPois   .          Reflect  .   u - +2 hat
rElec   .          Harm     .   t - scarf {repulsion}
rCorr   +          Rampage  .   (no gloves)
Will    +....      Clarity  +   j - +2 pair of boots {Fly}
Stlth   ++........              b - amulet "Athrid" {Spirit rCorr}
HPRegen 0.25/turn               f - ring "Zamyrgh" {MP+9 Int+2 Dex+3}
MPRegen 0.25/turn               v - ring of ice

@: about to teleport, corroded, flying, very slightly contaminated, repel
missiles
A: high MP 1, forlorn, divine attributes, horns 2, clarity
a: no special abilities


You were on level 1 of the Spider Nest.
You visited 3 branches of the dungeon, and saw 12 of its levels.

You collected 630 gold pieces.
You spent 405 gold pieces at shops.

Inventory:

Hand Weapons
 a - the +8 whip of the Pill Bug (weapon) {vorpal, Fragile Str+3 Int+8}
   (You found it on level 2 of the Dungeon)

   It inflicts extra damage upon your enemies.
   Str:       It affects your strength (+3).
   Int:       It affects your intelligence (+8).
   Fragile:   It will be destroyed if unequipped.
 o - a +2 dagger of chaos
 r - a +3 quarterstaff of speed
Missiles
 q - 11 poisoned darts (quivered)
 w - 2 throwing nets
Armour
 c - +0 acid dragon scales (worn)
 e - a +1 buckler of protection (worn)
 i - a +0 cloak
 j - a +2 pair of boots of flying (worn)
 t - a scarf of repulsion (worn)
 u - a +2 hat (worn)
Magical Staves
 p - a staff of conjuration
Jewellery
 b - the amulet "Athrid" (around neck) {Spirit rCorr}
   (You found it on level 6 of the Dungeon)

   [amulet of guardian spirit]

   It causes incoming damage to be divided between your reserves of health and
   magic.
   rCorr:     It protects you from acid and corrosion.
 f - the ring "Zamyrgh" (left hand) {MP+9 Int+2 Dex+3}
   (You found it on level 2 of the Dungeon)

   [ring of magical power]

   Int:       It affects your intelligence (+2).
   Dex:       It affects your dexterity (+3).
   MP:        It affects your magic capacity (+9).
 g - an amulet of the acrobat
 v - a ring of ice (right hand)
 D - a ring of protection from fire
Wands
 s - a wand of paralysis (10)
 B - a wand of polymorph (2)
Scrolls
 d - a scroll of torment
 h - a scroll of teleportation
 l - 3 scrolls of silence
 y - a scroll of identify
Potions
 m - 3 potions of flight
 z - a potion of cancellation
 A - a potion of magic
 E - a potion of brilliance


   Skills:
 * Level 7.2 Fighting
 + Level 0.2 Short Blades
 + Level 6.1 Maces & Flails
 + Level 0.5 Throwing
 + Level 4.8 Armour
 * Level 7.9 Dodging
 + Level 2.3 Stealth
 + Level 4.5 Shields
 * Level 8.0 Spellcasting
 + Level 5.0 Conjurations
 + Level 0.2 Transmutations
 + Level 6.3 Fire Magic
 + Level 1.4 Evocations


You had 15 spell levels left.
You knew the following spells:

 Your Spells              Type           Power      Damage    Failure   Level
a - Foxfire               Conj/Fire      100%       2x1d9     1%          1
b - Inner Flame           Hex/Fire       29%        N/A       7%          3
c - Wereblood             Tmut           12%        N/A       11%         2
d - Agony                 Necr           11%        N/A       92%         5

Your spell library contained the following spells:

 Spells                   Type           Power      Damage    Failure   Level
 Dazzling Flash           Conj/Hex       50%        N/A       9%          3
 Ignite Poison            Fire/Tmut/Pois 23%        N/A       10%         3
 Sublimation of Blood     Necr           11%        N/A       12%         2
 Mephitic Cloud           Conj/Pois/Air  20%        N/A       12%         3
 Corpse Rot               Necr/Pois/Air  11%        N/A       63%         4
 Dispel Undead            Necr           11%        3d9       63%         4
 Freezing Cloud           Conj/Ice/Air   15%        6-21      75%         5
 Silence                  Hex/Air        5%         N/A       92%         5
 Death Channel            Necr           5%         N/A       100%        6
 Summon Hydra             Summ           5%         N/A       100%        7


Dungeon Overview and Level Annotations

Branches:
Dungeon (9/15)             Temple (0/1) D:6            Lair (2/6) D:9
 Spider (1/4) Lair:2
  Swamp: Lair:2-4    Shoals: Lair:2-4       Orc: D:9-12

Shops:
D:4 *   D:7 =*!?

Annotations:
Spider:1 exclusion: 2 oklob plants


Innate Abilities, Weirdness & Mutations

You have an increased reservoir of magic. (+10% MP)
You shall have no god before yourself.
Your divine heritage dramatically boosts your attributes as you level up.
You have a pair of horns on your head.
You possess an exceptional clarity of mind.


Message History

The emperor scorpion stings you.
* * * LOW HITPOINT WARNING * * *
You block the emperor scorpion's attack.
The emperor scorpion claws you but does no damage.
You barely miss the emperor scorpion.
Your surroundings suddenly seem different.
A radroach, 2 demonic crawlers, 2 oklob plants, a moth of wrath, 4 spiders and 2 entropy weavers come into view.
Found 15 gold pieces.
The demonic crawler gives a hideous shriek! x2
The tarantella's many legs skitter faintly.
The entropy weaver shouts!
The wolf spider's many legs skitter.
An entropy weaver comes into view.
A demonic crawler comes into view.
A wolf spider comes into view.
The entropy weaver shouts!
The demonic crawler gives a hideous shriek!
Marking area around 2 oklob plants as unsafe for travelling.
As you read the scroll of teleportation, it crumbles to dust.
You feel strangely unstable.
The entropy weaver shouts!
The wolf spider's many legs skitter.
The oklob plant spits acid at you.
The splash of acid is repelled.
The entropy weaver points at the tarantella and mumbles some strange words.
The entropic weave corrodes you!
The demonic crawler completely misses you.
You block the demonic crawler's attack. The demonic crawler closely misses you.
The demonic crawler shrieks in warning!
The demonic crawler closely misses you. The demonic crawler hits you.
* * * LOW HITPOINT WARNING * * *
The demonic crawler completely misses you.
The radroach bites you!
* * * LOW HITPOINT WARNING * * *
The radroach claws you but does no damage.
You hear an angry buzzing noise.
You hear a skittering sound.
You hear a faint skittering sound. x4
The wolf spider attacks as you move away!
The wolf spider hits you.
The wolf spider bites you but does no damage.
The demonic crawler attacks as you move away!
The demonic crawler barely misses you. The demonic crawler hits you.
You die...

.. .. . .
.#####+#..
###.....###
+≈.......≈+
###≈..s$...≈#
+#...@BB.s.sB.
#...ssss≈≈≈s..
#....y≈P≈≈≈...
#..≈≈≈≈B≈≈≈≈≈.
#.≈≈≈≈≈P≈..≈≈.
#.≈≈≈≈.....≈≈≈
+.≈≈≈.....≈≈≈≈
#.≈#####+####≈
###


You could see a radroach, 3 entropy weavers, 3 demonic crawlers, 4 wolf spiders,
2 oklob plants, a moth of wrath and a tarantella.

Vanquished Creatures
  A hydra (Lair:1)
  Pikel (D:5)
  A cyclops (D:9)
  4 black mambas
  Joseph (D:8)
  A komodo dragon (Lair:2)
  A rime drake (Lair:1)
  Psyche (D:8)
  3 cane toads (Lair:1)
  The ghost of MisterPants the Chopper, an amateur MiMo of Gozag (D:5)
  3 meliai (Spider:1)
  A hornet (D:8)
  5 blink frogs (Lair:1)
  2 jumping spiders (Spider:1)
  A spriggan (D:8)
  23 yaks
  2 culicivoras (Lair:2)
  Eustachio (D:6)
  3 redbacks (Lair:2)
  2 acid dragons
  4 water moccasins
  2 sky beasts
  An ice beast (D:8)
  33 wolves (Lair:2)
  2 ogres
  3 centaurs
  A phantom (D:6)
  9 bullfrogs
  A scorpion (D:5)
  4 wights (D:7)
  2 howler monkeys
  3 electric eels
  3 hounds
  2 gnoll boudas
  An orc priest (D:4)
  12 gnolls
  8 adders
  2 shadow imps (D:7)
  2 white imps (D:6)
  An ufetubus (D:6)
  A worm (D:2)
  4 dart slugs
  6 orcs
  8 ball pythons
  4 bats
  7 endoplasms
  4 giant cockroaches
  4 goblins
  5 hobgoblins
  4 jackals (D:1)
  4 kobolds
  2 quokkas (D:1)
  4 frilled lizards
  2 rats
  A spectral orc (D:4)
214 creatures vanquished.

Vanquished Creatures (collateral kills)
  5 foxfires
5 creatures vanquished.

Vanquished Creatures (others)
  535 foxfires
  2 fungi
  11 plants
548 creatures vanquished.

Grand Total: 767 creatures vanquished

Notes
Turn   | Place    | Note
-------+----------+-------------------------------------------
     0 | D:1      | JoshKwa the Demigod Wanderer began the quest for the Orb.
     0 | D:1      | JoshKwa set off with the following items: a +0 dagger, a
                  | potion of attraction, a scroll of teleportation, a +0 robe,
                  | a +0 buckler of protection; and the following spell
                  | memorised: Foxfire; and the following spells available to
                  | memorise: Inner Flame.
     0 | D:1      | Reached XP level 1. HP: 17/17 MP: 4/4
   101 | D:1      | Reached XP level 2. HP: 4/24 MP: 0/5
   817 | D:1      | Reached XP level 3. HP: 29/29 MP: 4/7
  1060 | D:2      | Learned a level 3 spell: Inner Flame
  1088 | D:2      | Reached skill level 1 in Dodging
  1101 | D:2      | Identified the ring "Zamyrgh" {MP+9 Int+2 Dex+3}
  1249 | D:2      | Reached XP level 4. HP: 36/36 MP: 9/9
  1277 | D:2      | Identified the +8 whip of the Pill Bug {vorpal, Fragile
                  | Str+3 Int+8}
  1392 | D:2      | Identified a scroll of acquirement
  1392 | D:2      | Acquired a +2 pair of boots of flying
  1730 | D:3      | Reached skill level 2 in Spellcasting
  1928 | D:4      | Found Ryubac's Serpentskin Sales.
  1949 | D:4      | Reached XP level 5. HP: 42/42 MP: 11/11
  2679 | D:5      | Entered Level 5 of the Dungeon
  2746 | D:5      | Noticed Pikel
  2764 | D:5      | Killed Pikel
  2765 | D:5      | Reached skill level 3 in Spellcasting
  2765 | D:5      | Reached skill level 1 in Conjurations
  2765 | D:5      | Reached XP level 6. HP: 43/51 MP: 14/14
  2765 | D:5      | Reached XP level 7. HP: 48/57 MP: 15/15
  2791 | D:5      | Reached skill level 1 in Maces & Flails
  2880 | D:5      | Found a runed translucent gate.
  2880 | D:5      | Found a runed translucent gate.
  2880 | D:5      | Found a runed translucent gate.
  2883 | D:5      | Noticed MisterPants's ghost (amateur MiMo)
  2927 | D:5      | Killed MisterPants's ghost
  3020 | D:5      | Reached skill level 4 in Spellcasting
  3116 | D:5      | Reached XP level 8. HP: 54/64 MP: 17/17
  3443 | D:6      | Noticed Eustachio
  3460 | D:6      | Killed Eustachio
  3605 | D:6      | You are sucked into a shaft and drop 1 floor!
  3609 | D:7      | Found Xalajios's Magic Scroll Shop.
  3627 | D:7      | Bought a scroll of enchant armour for 120 gold pieces
  3627 | D:7      | Bought a scroll of enchant weapon for 120 gold pieces
  4008 | D:6      | Gained mutation: You have a pair of small horns on your
                  | head. [potion of mutation]
  4008 | D:6      | Gained mutation: You possess an exceptional clarity of
                  | mind. [potion of mutation]
  4008 | D:6      | Gained mutation: You have a pair of horns on your head.
                  | [potion of mutation]
  4066 | D:6      | Found a staircase to the Ecumenical Temple.
  4079 | D:6      | Identified the amulet "Athrid" {Spirit rCorr}
  4401 | D:7      | Found Quiwosaf's Jewellery Emporium.
  4517 | D:7      | Found Paefac's General Store.
  4573 | D:7      | Reached skill level 1 in Stealth
  4573 | D:7      | Reached skill level 5 in Spellcasting
  4722 | D:7      | Found Esmoask's Distillery.
  4728 | D:7      | Bought a potion of heal wounds for 55 gold pieces
  4728 | D:7      | Bought a potion of curing for 33 gold pieces
  4728 | D:7      | Bought a potion of curing for 33 gold pieces
  4728 | D:7      | Bought a potion of brilliance for 44 gold pieces
  4891 | D:8      | Noticed Joseph
  4909 | D:8      | Killed Joseph
  4910 | D:8      | Reached skill level 5 in Fire Magic
  4910 | D:8      | Reached XP level 9. HP: 72/72 MP: 19/20
  5053 | D:8      | Noticed Psyche
  5083 | D:8      | Killed Psyche
  5261 | D:8      | Reached skill level 5 in Dodging
  5331 | D:8      | Reached skill level 5 in Fighting
  5737 | D:9      | Noticed a cyclops
  5755 | D:9      | Killed a cyclops
  5756 | D:9      | Reached skill level 6 in Spellcasting
  5880 | D:9      | Reached XP level 10. HP: 52/81 MP: 15/23
  6028 | D:9      | Found a staircase to the Lair.
  6044 | Lair:1   | Entered Level 1 of the Lair of Beasts
  6414 | Lair:1   | Noticed a black mamba
  6422 | Lair:1   | Killed a black mamba
  6423 | Lair:1   | Reached skill level 7 in Spellcasting
  6426 | Lair:1   | Noticed a black mamba
  6438 | Lair:1   | Killed a black mamba
  6462 | Lair:1   | Noticed a five-headed hydra
  6474 | Lair:1   | Killed a five-headed hydra
  6734 | Lair:1   | Reached skill level 5 in Maces & Flails
  6991 | Lair:1   | Learned a level 2 spell: Wereblood
  6997 | Lair:1   | Learned a level 5 spell: Agony
  7096 | Lair:1   | Reached XP level 11. HP: 72/91 MP: 26/26
  7579 | Lair:2   | Found a hole to the Spider Nest.
  8018 | Lair:2   | Reached skill level 5 in Conjurations
  8467 | Spider:1 | Entered Level 1 of the Spider Nest
  8484 | Spider:1 | Reached skill level 8 in Spellcasting
  8706 | Spider:1 | Noticed an emperor scorpion
  8729 | Spider:1 | Noticed a radroach
  8729 | Spider:1 | Noticed an entropy weaver
  8729 | Spider:1 | Noticed an entropy weaver
  8729 | Spider:1 | Noticed an entropy weaver
  8732 | Spider:1 | Slain by a demonic crawler

Illustrated notes

Levels and vault maps discovered:
D:1:      nzn_arrival_depleted_hourglass, layout_loops_ring,
          basic_ecumenical_altar
D:2:      layout_rooms, basic_altar, st_stairs_3
D:3:      layout_basic, hangedman_decor_growths
D:4:      layout_loops_ring, mainiacjoe_overflow_six_doors_small,
          marbit_many_paths, yredelemnul_forgotten_temple_becter,
          minmay_misc_feat_five, minmay_misc_feat_cross,
          kennysheep_small_spiral, guppyfry_shop_venom
D:5:      layout_loops_ring, ebering_ghost_rock_garden, uniq_pikel
D:6:      layout_loops_corners, mainiacjoe_overflow_alcove_1,
          minmay_temple_entry_glass, fountainhead, serial_bayou_pond_c,
          uniq_eustachio
D:7:      layout_rooms, mainiacjoe_overflow_boulevard, serial_shops,
          nicolae_shop_waterfront, shop, shop, shop
D:8:      layout_basic, the_hattery, uniq_psyche, uniq_joseph
D:9:      layout_irregular_city, mainiacjoe_overflow_paths, dpeg_oklobed_lair
Lair:1:   cheibrodos_lair_river_kwai, layout_cave_pods
Lair:2:   layout_cave_pods, nicolae_spider_entry_tight_spaces,
          grunt_forest_large_clearings, grunt_megastairs_5
Spider:1: spider_temple_joshua, drop_trap, uniq_aizul

Skill      XL: |  1  2  3  4  5  6  7  8  9 10 11 |
---------------+----------------------------------+-----
Fighting       | 2 3 4 5 6 7 |  7.2
Fire Magic     | 3 4 5 6 |  6.3
Shields        | 2 3 4 |  4.5
Dodging        | 1 2 3 4 5 6 7 |  7.9
Spellcasting   | 2 3 4 5 6 7 8 |  8.0
Conjurations   | 1 3 4 5 |  5.0
Maces & Flails | 1 2 4 5 6 |  6.1
Armour         | 2 3 4 |  4.8
Stealth        | 1 2 |  2.3
Short Blades   | |  0.2
Throwing       | |  0.5
Transmutations | |  0.2
Evocations     | |  1.4

Action                   |  1- 3 |  4- 6 |  7- 9 | 10-12 || total
-------------------------+-------+-------+-------+-------++-------
Melee: Dagger            |   140 |       |       |       ||   140
       Whip              |       |    30 |   129 |   309 ||   468
       Headbutt          |       |       |    12 |    84 ||    96
Throw: Dart              |       |       |       |     9 ||     9
 Cast: Foxfire           |    50 |    61 |   135 |   107 ||   353
       Wereblood         |       |       |       |     3 ||     3
Evoke: Wand              |       |       |       |     7 ||     7
  Use: Potion            |     6 |     1 |    13 |    11 ||    31
       Scroll            |     6 |     4 |    19 |    10 ||    39
 Stab: Invisible         |     3 |       |     2 |       ||     5
Armor: Robe              |     2 |       |    33 |       ||    35
       Leather armour    |    77 |    32 |    30 |       ||   139
       Skin              |     1 |       |       |       ||     1
       Acid dragon scale |       |       |     8 |   135 ||   143
Dodge: Dodged            |    88 |    40 |   100 |   291 ||   519
       Repelled          |       |       |       |     1 ||     1
Block: Buckler           |    45 |    30 |    61 |   140 ||   276

Table legend: (Time is in decaauts)
 A = Elapsed time spent in this place.
 B = Non-inter-level travel time spent in this place.
 C = Inter-level travel time spent in this place.
 D = Time resting spent in this place.
 E = Time spent auto-exploring this place.
 F = Levels seen in this place.
 G = Mean time per level.
                   A        B        C        D        E       F      G
               +--------+--------+--------+--------+--------+-----+--------+
         Total |   8651 |   6643 |   2008 |      0 |      0 |  12 |  720.9 |
       Dungeon |   6053 |   4494 |   1559 |      0 |      0 |   9 |  672.6 |
          Lair |   2336 |   1887 |    449 |      0 |      0 |   2 | 1168.0 |
   Spider Nest |    261 |    261 |      0 |      0 |      0 |   1 |  261.0 |
               +--------+--------+--------+--------+--------+-----+--------+

Top non-repeatable levels by time:
  Lair:1: 1236 daAuts
  Lair:2: 1100 daAuts
     D:1: 946 daAuts
     D:6: 934 daAuts
     D:8: 881 daAuts
     D:5: 761 daAuts
     D:4: 760 daAuts
     D:2: 642 daAuts
     D:7: 459 daAuts
     D:3: 338 daAuts
     D:9: 329 daAuts
Spider:1: 261 daAuts
